AoeStats
← DUNCAN

African Clearing

510620412Analyzed
3v3 RM · 20h ago on Oct 1, 2026· 54m 15s· 6 players
Game mode
Random Map
Map size
Normal (6 player)
Population
200
Speed
Normal
Resources
Standard
Victory
Conquest
Starting age
Dark Age
Ending age
Imperial Age
RankedLock teamsTeams togetherTeam positionsShared explorationLock speedFull tech treeHidden civsTurbo modeCheats
Victory
Defeat
🇪🇸 Franks · Spain
929
+16
🇪🇸 Khmer · Spain
880
+18
🇪🇸 Romans · Spain
868
+18
🇺🇸 Hindustanis · United States
945
-18
🇦🇷 Ethiopians · Argentina
936
-18
🇺🇸 Japanese · United States
878
-16
yowyow
6:41 Loom
15:21 Feudal Age
16:00 Double-Bit Axe
18:40 Horse Collar
21:41 Castle Age
21:37 Wheelbarrow
22:43 Gold Mining
23:07 Bow Saw
24:24 Man-at-Arms
25:10 Squires
25:32 Forging
25:26 Scale Mail Armor
25:51 Hand Cart
26:15 Hand Cart
25:49 Town Watch
25:51 Long Swordsman
27:32 Gold Shaft Mining
27:09 Stone Mining
30:47 Imperial Age
30:40 Pikeman
33:15 Halberdier
36:32 Iron Casting
39:29 Heavy Plow
40:17 Conscription
40:47 Crop Rotation
40:48 Ballistas
43:03 Chemistry
42:53 Legionary
44:51 Blast Furnace
44:07 Chain Mail Armor
43:50 Legionary
45:37 Heavy Scorpion
48:23 Fletching
49:25 Bodkin Arrow
50:06 Siege Engineers
49:59 Murder Holes
Peluco el sabio
4:52 Loom
12:57 Feudal Age
13:29 Double-Bit Axe
16:25 Scale Barding Armor
20:36 Castle Age
19:31 Gold Mining
19:33 Stone Mining
29:30 Husbandry
34:47 Gold Shaft Mining
35:06 Wheelbarrow
34:39 Town Watch
38:07 Imperial Age
37:31 Forging
37:42 Chain Barding Armor
37:49 Hand Cart
39:41 Iron Casting
38:58 Fletching
39:09 Padded Archer Armor
39:09 Cavalier
44:43 Ballistics
45:24 Chemistry
45:36 Paladin
47:01 Elite Skirmisher
47:20 Light Cavalry
48:12 Chivalry
48:16 Pikeman
50:00 Plate Barding Armor
49:47 Squires
Rey Rochelio
5:13 Loom
12:40 Feudal Age
15:23 Town Watch
21:01 Castle Age
18:54 Horse Collar
19:04 Double-Bit Axe
19:20 Gold Mining
19:21 Stone Mining
20:42 Padded Archer Armor
23:55 Bow Saw
23:43 Crossbowman
24:41 Leather Archer Armor
27:53 Elite Skirmisher
29:01 Town Patrol
31:37 Heavy Plow
32:14 Husbandry
31:38 Pikeman
32:04 Arson
32:27 Scale Barding Armor
32:23 Scale Mail Armor
33:42 Wheelbarrow
34:48 Fletching
35:19 Chain Barding Armor
35:15 Chain Mail Armor
41:10 Stone Mining
41:56 Gold Shaft Mining
43:40 Bodkin Arrow
43:56 Forging
50:23 Imperial Age
50:30 Imperial Age
48:19 Hand Cart
49:25 Stone Shaft Mining
49:27 Iron Casting
52:10 Plate Barding Armor
52:06 Ring Archer Armor
52:17 Hoardings
53:34 Halberdier
53:37 Cavalier
Teblu
4:24 Loom
15:42 Feudal Age
16:54 Double-Bit Axe
22:57 Wheelbarrow
22:44 Fletching
29:01 Castle Age
28:40 Forging
29:09 Scale Barding Armor
30:42 Bloodlines
43:37 Bow Saw
43:21 Man-at-Arms
44:02 Squires
54:15 Bodkin Arrow
DUNCAN
4:45 Loom
7:09 Loom
13:34 Feudal Age
15:37 Double-Bit Axe
17:07 Horse Collar
17:25 Fletching
21:24 Gold Mining
23:58 Castle Age
25:18 Bow Saw
26:24 Wheelbarrow
26:15 Crossbowman
27:00 Thumb Ring
27:18 Bodkin Arrow
29:43 Town Watch
30:04 Heavy Plow
33:19 Hand Cart
36:57 Town Patrol
37:28 Ballistics
40:02 Imperial Age
42:01 Chemistry
41:53 Onager
43:47 Squires
44:53 Arbalester
45:37 Bracer
45:40 Padded Archer Armor
45:59 Halberdier
47:11 Forging
47:02 Scale Mail Armor
grahmsmolinski
9:45 Loom
13:37 Feudal Age
15:34 Double-Bit Axe
19:04 Castle Age
18:18 Horse Collar
23:21 Bow Saw
26:54 Heavy Plow
30:03 Wheelbarrow
29:15 Town Watch
29:24 Stone Mining
29:26 Gold Mining
31:22 Forging
31:12 Scale Mail Armor
30:41 Pikeman
33:10 Hand Cart
34:22 Redemption
37:19 Imperial Age
35:26 Iron Casting
35:06 Chain Mail Armor
38:04 Sanctity
37:54 Fervor
37:41 Herbal Medicine
38:54 Kataparuto
39:09 Hoardings
38:54 Ballistics
39:34 Chemistry
38:44 Masonry
38:14 Treadmill Crane
38:29 Murder Holes
38:39 Siege Engineers
38:44 Fortified Wall
41:52 Kataparuto
42:49 Blast Furnace
42:20 Plate Mail Armor
43:32 Block Printing
43:19 Devotion
43:44 Illumination
43:55 Theocracy
43:21 Atonement
43:33 Halberdier
44:13 Squires
43:58 Arson
45:51 Elite Samurai
45:58 Elite Samurai
46:40 Town Patrol
48:43 Conscription
48:25 Yasama
49:04 Ballistics
49:44 Chemistry
48:34 Guard Tower
48:30 Arrowslits
48:35 Guard Tower
49:05 Ballistics
49:45 Chemistry
48:30 Arrowslits
53:20 Fletching
53:32 Padded Archer Armor
53:37 Scale Barding Armor
Connection lost

Rejoining the realm…

Still unreachable

The connection could not be restored.

Session expired

The server has moved on; the page needs a fresh start.